 Dungeon Crawl Stone Soup version 0.19-a0-1740-g0bcaf2e (webtiles) character file.

293 kae the Shield-Bearer (level 6, -2/50 HPs)
             Began as a Formicid Fighter on Oct 2, 2016.
             Slain by a gnoll shaman
             ... wielding a +0 whip of electrocution
              (10 damage)
             ... on level 4 of the Dungeon.
             The game lasted 00:02:31 (1925 turns).

kae the Shield-Bearer (Formicid Fighter)            Turns: 1925, Time: 00:02:32

Health: -2/50      AC:  9    Str: 23 (24) XL:     6   Next: 60%
Magic:  6/6        EV:  6    Int:  6 (8)  God:
Gold:   189        SH: 15    Dex:  8 (10) Spells: 0 memorised, 5 levels left

rFire  . . .     SeeInvis +     a - +0 long sword
rCold  . . .     Gourm    .     b - +0 scale mail
rNeg   . . .     Faith    .     j - +0 large shield (curse)
rPois  .         Spirit   .     (helmet unavailable)
rElec  .         Dismiss  .     (no cloak)
rCorr  .         Reflect  .     x - +0 pair of gloves (curse)
MR     .....     Harm     .     w - +0 pair of boots
Stlth  ..........               (no amulet)
                                (no ring)
                                (no ring)

@: no status effects
A: permanent stasis, dig shafts and tunnels, four strong arms, antennae 3,
strong 1
a: Dig, Shaft Self


You were on level 4 of the Dungeon.
You were very hungry.

You visited 1 branch of the dungeon, and saw 5 of its levels.

You collected 189 gold pieces.

Inventory:

Hand Weapons
 a - a +0 long sword (weapon)
Armour
 b - a +0 scale mail (worn)
 c - a +0 shield
 j - a cursed +0 large shield (worn)
 l - a +0 pair of gloves
 w - a +0 pair of boots (worn)
 x - a cursed +0 pair of gloves (worn)
Jewellery
 h - a +3 amulet of reflection {unknown}
 u - an uncursed ring of magical power {unknown}
 A - a cursed ring of flight {unknown}
Scrolls
 e - 2 scrolls of recharging {unknown}
 i - 8 scrolls of identify {unknown}
 p - 3 scrolls of enchant armour {unknown}
 t - 2 scrolls of teleportation {unknown}
 v - a scroll of blinking {unknown}
 y - 4 scrolls of remove curse {unknown}
Potions
 d - a potion of might
 g - a potion of heal wounds
Comestibles
 f - 3 bread rations
 m - a slice of pizza
 o - 4 fruits
 r - 2 meat rations


   Skills:
 + Level 4.8 Fighting
 * Level 4.6 Long Blades
 - Level 3.2 Armour
 + Level 5.2 Shields


You had 5 spell levels left.
You didn't know any spells.

Dungeon Overview and Level Annotations

Branches:
Dungeon (5/15)
 Temple: D:4-7

Altars:


Innate Abilities, Weirdness & Mutations

You are under a permanent stasis effect.
You can dig through walls and to a lower floor.
Your four strong arms can wield two-handed weapons with a shield.
You have a pair of large antennae on your head. (SInv)
Your muscles are strong. (Str +2)


Message History

You hit the gnoll.
You kill the gnoll!
The gnoll hits you with a halberd!
You slash the gnoll!
You kill the gnoll!
The gnoll shaman hits you with a whip of electrocution.
You are electrocuted!
You hit the gnoll shaman.
The gnoll shaman is lightly wounded.
The gnoll shaman hits you but does no damage.
You are electrocuted!
* * * LOW HITPOINT WARNING * * *
You closely miss the gnoll shaman.
The gnoll shaman is lightly wounded.
The gnoll shaman closely misses you.
You barely miss the gnoll shaman.
The gnoll shaman is lightly wounded.
The gnoll shaman hits you but does no damage.
You are electrocuted!
You die...

#
{+.......#
#
#.......#
#
#.......#
#
#....{..#
#
#.......#
#
#..g...$#
###{#####
##g# #@##
###


You could see a gnoll shaman.

Vanquished Creatures
  A sky beast (D:3)
  A centaur (D:5)
  2 gnolls (D:4)
  2 adders
  An ooze (D:2)
  2 worms (D:3)
  4 dart slugs
  3 leopard geckos
  8 orcs
  A ball python (D:1)
  3 bats
  4 giant cockroaches
  5 goblins
  6 hobgoblins
  5 kobolds
  2 quokkas
  4 frilled lizards
  7 rats
61 creatures vanquished.

Notes
Turn   | Place    | Note
-------+----------+-------------------------------------------
     0 | D:1      | kae the Formicid Fighter began the quest for the Orb.
     0 | D:1      | Reached XP level 1. HP: 18/18 MP: 1/1
    43 | D:1      | Reached XP level 2. HP: 23/24 MP: 2/2
   464 | D:1      | Reached XP level 3. HP: 29/29 MP: 3/3
   658 | D:2      | Reached skill level 4 in Shields
   811 | D:2      | Reached XP level 4. HP: 37/37 MP: 4/4
  1286 | D:3      | Noticed a sky beast
  1296 | D:3      | Killed a sky beast
  1296 | D:3      | Reached XP level 5. HP: 19/42 MP: 5/5
  1588 | D:3      | Reached XP level 6. HP: 46/49 MP: 6/6
  1839 | D:4      | Gained mutation: Your muscles are strong. (Str +2) [potion of beneficial mutation]
  1847 | D:4      | You fall through a shaft!
  1847 | D:5      | Entered Level 5 of the Dungeon
  1868 | D:5      | Reached skill level 5 in Shields
  1925 | D:4      | Slain by a gnoll shaman

Vault maps used:
D:1:      scummos_arrival_star, minmay_tromino_v4_b
D:2:      first_bread
D:4:      grunt_temple_overflow_growth_and_decay, gup_sewer_entry_bowl,
          uniq_eustachio, uniq_duvessa
D:5:      minmay_overflow_temple_star_hex, hangedman_abyss_or_decor_lesser_grid,
          uniq_sigmund

Skill      XL: |  1  2  3  4  5  6 |
---------------+-------------------+-----
Long Blades    | 3 4 |  4.6
Shields        | 4 5 |  5.2
Fighting       | 4 |  4.8
Armour         | |  3.2

Action                   |  1- 3 |  4- 6 || total
-------------------------+-------+-------++-------
Melee: Long sword        |   102 |   133 ||   235
 Abil: Dig               |       |     2 ||     2
       Shaft Self        |       |     1 ||     1
  Use: Potion            |       |     7 ||     7
  Eat: Chunk             |       |     3 ||     3
Armor: Scale mail        |    36 |    55 ||    91
Dodge: Dodged            |    19 |    38 ||    57
Block: Shield            |    27 |       ||    27
       Large shield      |    51 |   113 ||   164
